 Dungeon Crawl Stone Soup version 0.29.1-15-g9cfb28693d (webtiles) character file.

Game seed: 10632982726751320474

342 javelincjr the Trooper (level 6, -1/108 HPs)
             Began as a Demonspawn Abyssal Knight on Mar 24, 2023.
             Was a Priest of Lugonu.
             Slain by a scorpion (5 damage)
             ... on level 5 of the Dungeon.
             The game lasted 00:09:58 (2932 turns).

javelincjr the Trooper (Demonspawn Abyssal Knight)  Turns: 2932, Time: 00:09:58

Health: -1/108     AC: 23    Str: 13    XL:     6   Next: 30%
Magic:  8/9        EV:  2    Int: 20    God:    Lugonu [***...]
Gold:   154        SH:  0    Dex: 13    Spells: 8/9 levels left

rFire   + . .      SeeInvis .   w - +4 hand axe
rCold   . . .      Faith    .   (no shield)
rNeg    . . .      Spirit   .   (body armour currently unavailable)
rPois   +          Reflect  .   (helmet currently unavailable)
rElec   .          Harm     .   (cloak currently unavailable)
rCorr   .          Rampage  .   (gloves currently unavailable)
Will    .....      NoTele   +   (boots currently unavailable)
Stlth   ..........              j - amulet of regeneration
HPRegen 1.08/turn               l - ring of protection from fire
MPRegen 0.11/turn               q - +6 ring of intelligence

@: brilliant, berserking, lethally poisoned (-1 -> -1), tree-form, very quick
A: stationary, stasis, torment immunity, boosted hp, (icy blue scales 2),
demonic magic 1
a: Renounce Religion, Depart the Abyss, Bend Space, Banish


You were on level 5 of the Dungeon.
You worshipped Lugonu.
Lugonu was most pleased with you.
You were a tree.
You visited 1 branch of the dungeon, and saw 5 of its levels.
You visited the Abyss 1 time.

You collected 154 gold pieces.

Inventory:

Hand Weapons
 a - a +1 hand axe
 w - a +4 hand axe (weapon)
Missiles
 c - 6 poisoned darts (quivered)
 n - 4 boomerangs
Armour
 b - a +0 leather armour (melded)
Magical Staves
 i - a staff of cold
Jewellery
 j - an amulet of regeneration (around neck)
 l - a ring of protection from fire (left branch)
 q - a +6 ring of intelligence (right branch)
Wands
 u - a wand of flame (21)
Scrolls
 e - 6 scrolls of identify {unknown}
 f - a scroll of enchant armour {unknown}
 k - a scroll of summoning {unknown}
 m - 2 scrolls of teleportation {unknown}
 r - a scroll of magic mapping {unknown}
 x - a scroll of blinking {unknown}
Potions
 d - a potion of invisibility {unknown}
 g - 2 potions of brilliance
 h - a potion of flight {unknown}
 o - a potion of ambrosia {unknown}
 p - a potion of lignification
 s - a potion of berserk rage
 t - a potion of curing {unknown}
 v - a potion of resistance {unknown}


   Skills:
 * Level 4.2 Fighting
 + Level 2.7 Axes
 + Level 2.8 Armour
 + Level 2.3 Dodging
 * Level 2.0 Spellcasting
 + Level 0.0 Conjurations
 + Level 4.1 Invocations


You had 8 spell levels left.
You knew the following spells:

 Your Spells              Type           Power      Damage    Failure   Level
a - Foxfire               Conj/Fire      12%        2x1d4     16%         1

Your spell library contained the following spells:

 Spells                   Type           Power      Damage    Failure   Level
 Summon Small Mammal      Summ           12%        N/A       16%         1
 Ensorcelled Hibernation  Hex/Ice        6%         N/A       24%         2
 Call Canine Familiar     Summ           3%         N/A       43%         3
 Conjure Flame            Conj/Fire      3%         6-21      43%         3
 Inner Flame              Hex/Fire       3%         N/A       43%         3
 Spider Form              Tmut/Pois      3%         N/A       43%         3
 Summon Guardian Golem    Hex/Summ       3%         N/A       43%         3
 Anguish                  Hex/Necr       1%         N/A       83%         4
 Flame Wave               Conj/Fire      3%         2d5       83%         4


Dungeon Overview and Level Annotations

Branches:
Dungeon (5/15)
 Temple: D:4-7

Altars:
Cheibriados
Ru


Innate Abilities, Weirdness & Mutations

You are a tree.
Your roots penetrate the ground, keeping you stationary.
You cannot be teleported.
You are immune to unholy pain and torment.
Your maximum health is greatly increased.
Your equipment is partially melded.
((You are mostly covered in icy blue scales. (AC +3)))
Spells you cast may paralyse adjacent enemies.


Message History

You are more poisoned.
The scorpion poisons you!
You barely miss the scorpion.
The scorpion is heavily wounded.
* * * LOW HITPOINT WARNING * * *
You feel very sick.
The scorpion stings you but does no damage.
Space bends violently around you!
You blink.
* * * LOW HITPOINT WARNING * * *
You feel very sick.
* * * LOW HITPOINT WARNING * * *
You feel sick.
It was a potion of brilliance.
You feel clever all of a sudden.
* * * LOW HITPOINT WARNING * * *
You feel very sick. The scorpion misses you.
It was a potion of lignification.
You turn into a tree.
Your +0 leather armour melds into your body.
Your roots penetrate the ground.
You feel sick.
The scorpion stings you but does no damage.
It was a potion of berserk rage.
A red film seems to cover your vision as you go berserk!
You feel yourself moving faster!
You feel mighty!
You feel sick.
The scorpion stings you but does no damage.
You hit the scorpion.
The scorpion is severely wounded.
You feel sick.
The scorpion stings you but does no damage.
You barely miss the scorpion.
The scorpion is severely wounded.
You feel sick.
The scorpion stings you but does no damage.
You barely miss the scorpion.
The scorpion is severely wounded.
The scorpion stings you but does no damage.
You completely miss the scorpion.
The scorpion is severely wounded.
You feel sick. The scorpion stings you.
You die...

### #.####### #.....#..
#.###.#.###
#####.....#.#..
#........<#.#.#
#.#...<.....#.#
########...#...#.###.#
[..............♣....>#
##########.#..#.s....##
#.#..........#
#.##...#..##.#
#.#....#...#.#
#########.......#..#.#
#...............#....#
#.######.....[..#.####
#.# ###.#........#


You could see a scorpion.

Vanquished Creatures
  A phantom (D:5)
  An orc priest (D:4)
  An iguana (D:5)
  An orc wizard (D:4)
  Natasha (thrice) (D:3)
  2 adders
  2 gnolls
  2 dart slugs
  8 orcs (D:4)
  4 endoplasms
  2 giant cockroaches
  9 goblins
  6 hobgoblins
  2 jackals (D:1)
  2 quokkas (D:2)
  7 ball pythons
  6 bats
  3 frilled lizards (D:1)
  3 kobolds
  4 rats
69 creatures vanquished.

Vanquished Creatures (others)
  18 foxfires (D:5)
18 creatures vanquished.

Grand Total: 87 creatures vanquished

Notes
Turn   | Place    | Note
-------+----------+-------------------------------------------
     0 | Abyss:1  | javelincjr the Demonspawn Abyssal Knight began the quest
                  | for the Orb.
     0 | Abyss:1  | Reached XP level 1. HP: 18/18 MP: 2/2
     1 | Abyss:1  | Found a corrupted altar of Lugonu.
    13 | Abyss:1  | Found a corrupted altar of Lugonu.
    56 | Abyss:1  | Noticed a tentacled starspawn
    58 | Abyss:1  | Noticed a wretched star
    74 | D:1      | Escaped the Abyss
   118 | D:1      | Reached skill level 1 in Dodging
   202 | D:1      | Gained mutation: You are partially covered in icy blue
                  | scales. (AC +2) [demonic ancestry]
   202 | D:1      | Reached XP level 2. HP: 16/24 MP: 4/4
   408 | D:1      | Reached ** piety under Lugonu
   417 | D:1      | Gained mutation: Spells you cast may paralyse adjacent
                  | enemies. [demonic ancestry]
   417 | D:1      | Reached XP level 3. HP: 24/29 MP: 5/5
  1491 | D:3      | Noticed Natasha
  1506 | D:3      | Killed Natasha
  1507 | D:3      | Gained mutation: You are mostly covered in icy blue scales.
                  | (AC +3) [demonic ancestry]
  1507 | D:3      | Reached XP level 4. HP: 35/35 MP: 6/6
  1512 | D:3      | Noticed Natasha
  1518 | D:3      | Killed Natasha
  1775 | D:3      | Found a sacrificial altar of Ru.
  1809 | D:3      | Noticed Natasha
  1824 | D:3      | Killed Natasha
  1825 | D:3      | Reached XP level 5. HP: 6/42 MP: 7/7
  1950 | D:4      | Reached skill level 1 in Spellcasting
  2015 | D:4      | Found a snail-covered altar of Cheibriados.
  2110 | D:4      | Reached *** piety under Lugonu
  2613 | D:5      | Entered Level 5 of the Dungeon
  2644 | D:5      | Noticed a phantom
  2657 | D:5      | Killed a phantom
  2658 | D:5      | Reached XP level 6. HP: 48/48 MP: 7/9
  2706 | D:5      | Learned a level 1 spell: Foxfire
  2926 | D:5      | HP: 2/48 [poisoned by a scorpion]
  2932 | D:5      | HP: 4/108 [poisoned by a scorpion]
  2932 | D:5      | Slain by a scorpion

Illustrated notes

Levels and vault maps discovered:
D:1:      shiori_angband_town, layout_rooms, hex_medium,
          corexii_item_surrounded_by_moat, minmay_ruptured
D:2:      layout_loops_ring, minmay_cut_off
D:3:      layout_basic, mainiacjoe_overflow_alcove_2,
          chequers_serial_rivers_room_a, due_unseen_surprise, uniq_natasha
D:4:      layout_basic, cheibriados_altar_1, amcnicky_mini_corridor_feature,
          grunt_decor_junction, eino_curves_02
D:5:      layout_basic, minmay_temple_entry_glass

Skill      XL: |  1  2  3  4  5  6 |
---------------+-------------------+-----
Dodging        | 1 2 |  2.3
Axes           | 2 |  2.7
Armour         | 2 |  2.8
Invocations    | 3 4 |  4.1
Spellcasting   | 1 2 |  2.0
Fighting       | 4 |  4.2

Action                   |  1- 3 |  4- 6 || total
-------------------------+-------+-------++-------
Melee: Hand axe          |   122 |   144 ||   266
       Punch             |     1 |     1 ||     2
 Cast: Foxfire           |       |    10 ||    10
Invok: Depart the Abyss  |     1 |       ||     1
       Bend Space        |       |     2 ||     2
  Use: Potion            |       |     3 ||     3
Armor: Leather armour    |    55 |    50 ||   105
       Skin              |       |     5 ||     5
Dodge: Dodged            |    91 |   117 ||   208
